 Dungeon Crawl Stone Soup version 0.24-a0-370-g78e9d4e317 (webtiles) character file.

Game seed: 6351121468970522700

102 D1HalberdGnoll the Sneak (level 5, -6/30 HPs)
             Began as a Kobold Wizard on May 30, 2019.
             Mangled by a worm (9 damage)
             ... on level 2 of the Dungeon.
             The game lasted 00:05:05 (2967 turns).

D1HalberdGnoll the Sneak (Kobold Wizard)            Turns: 2967, Time: 00:05:06

Health: -6/30      AC:  3    Str:  5    XL:     5   Next: 6%
Magic:  1/10       EV: 15    Int: 20    God:
Gold:   129        SH:  0    Dex: 13    Spells: 5/11 levels left

rFire    . . .     SeeInvis .   m - +2 dagger (elec)
rCold    . . .     Gourm    .   (shield restricted)
rNeg     . . .     Faith    .   a - +0 robe
rPois    .         Spirit   .   b - +0 hat
rElec    .         Reflect  .   p - +0 cloak
rCorr    .         Harm     .   (no gloves)
MR       .....                  (no boots)
Stlth    ++........             (no amulet)
HPRegen  0.10/turn              (no ring)
MPRegen  0.12/turn              (no ring)

@: very slightly contaminated
A: small, carnivore
a: no special abilities


You were on level 2 of the Dungeon.
You were completely stuffed.

You visited 1 branch of the dungeon, and saw 3 of its levels.

You collected 129 gold pieces.

Inventory:

Hand Weapons
 m - a +2 dagger of electrocution (weapon)
Armour
 a - a +0 robe (worn)
 b - a +0 hat (worn)
 p - a +0 cloak (worn)
Scrolls
 c - a scroll of fear {unknown}
 e - a scroll of random uselessness {unknown}
 f - a scroll of enchant weapon {unknown}
 j - a scroll of blinking {unknown}
 k - a scroll of enchant armour {unknown}
 o - a scroll of teleportation {unknown}
 q - a scroll of amnesia {unknown}
Potions
 g - a potion of degeneration {unknown}
 h - a potion of berserk rage {unknown}
 i - 2 potions of mutation {unknown}
 l - a potion of curing {unknown}
 n - a potion of haste {unknown}
Comestibles
 d - 2 rations


   Skills:
 + Level 1.7 Fighting
 + Level 3.1 Dodging
 + Level 3.8 Stealth
 + Level 3.6 Spellcasting
 * Level 2.6 Conjurations
 - Level 1.0 Summonings
   Level 1.0 Translocations


You had 5 spell levels left.
You knew the following spells:

 Your Spells              Type           Power        Failure   Level  Hunger
a - Magic Dart            Conj           ##..         4%          1    None
b - Call Imp              Summ           #.......     13%         2    ##.....
c - Conjure Flame         Conj/Fire      #.......     24%         3    ###....

Your spell library contained the following spells:

 Spells                   Type           Power        Failure   Level  Hunger
 Blink                    Tloc           N/A          13%         2    ##.....
 Slow                     Hex            #.......     21%         2    ##.....
 Mephitic Cloud           Conj/Pois/Air  #.......     28%         3    ###....


Dungeon Overview and Level Annotations

Branches:
Dungeon (3/15)

Altars:

Annotations:
D:3 Jessica, Robin, Terence


Innate Abilities, Weirdness & Mutations

You are small and have problems with some larger weapons.
You are carnivorous and can eat meat at any time.


Message History

Casting: Magic Dart (safe; 4% risk of failure)
Confirm with . or Enter, or press ? or * to list all spells.
Aiming: Magic Dart (safe; 4% risk of failure)
Press: ? - help, Shift-Dir - straight line, f - worm
Aim: a worm (severely wounded)
The magic dart hits the worm.
The worm is severely wounded.
The worm bites you!
* * * LOW HITPOINT WARNING * * *
You aren't carrying any items that you can evoke.
Okay, then.
You hit the worm.
The worm is heavily wounded.
You hit the worm.
The worm is severely wounded.
The worm misses you.
You hit the worm.
The worm is severely wounded.
The worm bites you!
You die...

#.#...................
#.#.#######....#.#####
############### ###[...#.#####
#.............# #.............
#.............# #.........####
#......≈......# ##.........####
#..§§..≈......# #.)<....##.....
#..§≈..≈..≈...####.##....#..####
#...≈..§..≈...#@.#.##.....#.....
#...≈≈≈.≈≈≈...##w#.##.##.##.####
#..§§§§≈..§§..##.#.##.#####.#
#..§≈..≈..≈§..##>#..........#
#......≈......##.###.###.####
#......≈......##.# #.###.#######
#.............##.# #.##.........
#........†....##.###.##..#######
#######'########.##..##..#####


You could see a worm.

Vanquished Creatures
  5 adders
  3 dart slugs
  A ball python (D:2)
  A giant cockroach (D:2)
  7 goblins
  6 hobgoblins
  A quokka (D:3)
  7 bats
  2 frilled lizards (D:1)
  3 kobolds
  7 rats
43 creatures vanquished.

Vanquished Creatures (collateral kills)
  An adder (D:2)
  A dart slug (D:1)
  2 hobgoblins
  A kobold (D:1)
  A rat (D:2)
6 creatures vanquished.

Grand Total: 49 creatures vanquished

Notes
Turn   | Place    | Note
-------+----------+-------------------------------------------
     0 | D:1      | D1HalberdGnoll the Kobold Wizard began the quest for the
                  | Orb.
     0 | D:1      | Reached XP level 1. HP: 10/10 MP: 4/4
   275 | D:1      | Reached XP level 2. HP: 16/16 MP: 1/6
   299 | D:1      | Learned a level 2 spell: Call Imp
  1038 | D:1      | Reached XP level 3. HP: 20/20 MP: 3/7
  1056 | D:1      | Reached skill level 1 in Fighting
  1483 | D:2      | Learned a level 3 spell: Conjure Flame
  1912 | D:2      | Reached XP level 4. HP: 25/25 MP: 2/9
  2571 | D:3      | Noticed Robin
  2672 | D:3      | Noticed Terence
  2673 | D:3      | Noticed Jessica
  2931 | D:3      | Reached XP level 5. HP: 29/30 MP: 2/10
  2967 | D:2      | Mangled by a worm

Levels and vault maps discovered:
D:1:      lightli_arrival_noodles, layout_loops_corners
D:2:      layout_loops_ring, first_ration, kennysheep_generic_room_16
D:3:      layout_rooms, uniq_jessica, uniq_sigmund, uniq_robin, uniq_terence

Skill      XL: |  1  2  3 |
---------------+----------+-----
Stealth        | 3 |  3.8
Fighting       | 1 |  1.7
Conjurations   | 2 |  2.6
Dodging        | 3 |  3.1
Spellcasting   | |  3.6
Summonings     | |  1.0
Translocations | |  1.0

Action                   |  1- 3 |  4- 6 || total
-------------------------+-------+-------++-------
Melee: Dagger            |    22 |    30 ||    52
 Cast: Magic Dart        |    55 |    39 ||    94
       Call Imp          |     5 |     1 ||     6
  Eat: Chunk             |    10 |     5 ||    15
Armor: Robe              |     1 |     7 ||     8
Dodge: Dodged            |    17 |    45 ||    62

Table legend:
 A = Non-vault XP
 B = Vault XP
 C = Vault XP percentage of total XP
 D = Non-vault monster count
 E = Vault monster count
 F = Vault count percentage of total count
                 A         B        C        D         E       F
            +---------+---------+-------+---------+---------+-------
      Total |     114 |      33 |  22.4 |      42 |       7 |  14.3
            +---------+---------+-------+---------+---------+-------
        D:1 |      36 |       0 |   0.0 |      23 |       0 |   0.0
        D:2 |      61 |      29 |  32.2 |      16 |       5 |  23.8
        D:3 |      17 |       4 |  19.0 |       3 |       2 |  40.0
            +---------+---------+-------+---------+---------+-------
